[Event "8th Montevideo Open 2025"]
[Site "Montevideo"]
[Date "2025.02.05"]
[Round "5.20"]
[White "Guerrero, Alvaro"]
[Black "Martinez Garay, Carlos"]
[Result "1-0"]
[Annotator "TA"]
[ECO "A50"]
[WhiteElo "2028"]
[BlackElo "1838"]
[PlyCount "55"]
[EventDate "2025.02.01"]
[EventType "swiss"]
[EventCountry "URU"]
[SourceTitle "playchess.com"]
[Source "ChessBase"]
[SourceQuality "1"]
[TimeControl "5400+30"]

1. d4 Nf6 2. c4 e6 3. Nc3 b6 4. e4 d6 5. Nf3 Be7 6. Bd3 {[%emt 0:00:09] A50: Queen's Fianchetto Defence (1 d4 Nf6 2 c4 b6).} Bb7 7. h3 h6 8. O-O {[%emt 0:00:48] White is better.} O-O 9. Qe2 $146 (9. d5 c6 10. Bc2 cxd5 11. cxd5 e5 12. Be3 Nbd7 13. Rc1 Rb8 14. Re1 Re8 15. Bb1 {1-0 Bui,T (2132)-Dao,L (2148) VIE-ch U13 Girls 2022 (1)}) 9... Nfd7 10. Be3 f5 (10... Nc6 $16) 11. d5 $2 (11. exf5 $18 exf5 12. Rae1) 11... fxe4 ({Black should play} 11... f4 $14) 12. Bxe4 $18 Nf6 13. Bc2 exd5 14. Nd4 {[%emt 0:02:47] White is much more active. The black rooks are passive.} Bc8 {[%emt 0:02:04] Against Ne6} (14... dxc4 $16 {keeps fighting.} 15. Rae1 (15. Qxc4+ d5 $16) (15. Ne6 Qd7 $16) 15... Rf7) 15. cxd5 Qe8 16. Rfe1 Bd8 17. Qd3 {[%emt 0:02:53][%cal Oe3g5] [#]} Qf7 (17... Nbd7 $142 18. Qd1 Qf7) 18. Ne4 {[%emt 0:05:50] Strongly threatening Nxf6+.} Nxe4 19. Qxe4 Qf6 $2 {[%emt 0:00:30] Black is weak on the light squares} (19... g5 20. Ne6 Re8) 20. Ne6 Re8 21. Bd4 {[%emt 0:00:19] White mates.} Rxe6 22. Qh7+ Kf7 23. dxe6+ Bxe6 24. Bxf6 Bxf6 25. Qg6+ Ke7 {[%emt 0:01:16] [#]} 26. Rxe6+ $1 Kxe6 27. Re1+ Kd5 28. Qe4+ {[%emt 0:00:16] Weighted Error Value: White=0.50/Black=0.96  Loses game:     	---       	Black=1      Missed win:     	White=1     	---        Mistake:       	---       	Black=4      Inaccurate:     	White=2     	Black=1      OK:         	White=3     	Black=3} (28. Bb3+ $142 Kc5 29. Qc2+ Bc3 30. Qxc3+ (30. bxc3 b5 $18) 30... Kb5 31. Qc4+ Ka5 32. Qa4#) 1-0

[Event "8th Montevideo Open 2025"]
[Site "Montevideo"]
[Date "2025.02.05"]
[Round "5.21"]
[White "Guillen Ramirez, Jose Antonio"]
[Black "Delgado, Nazareno"]
[Result "0-1"]
[Annotator "NA RC"]
[ECO "C00"]
[WhiteElo "2114"]
[BlackElo "1819"]
[PlyCount "94"]
[EventDate "2025.02.01"]
[EventType "swiss"]
[EventCountry "URU"]
[SourceTitle "playchess.com"]
[Source "ChessBase"]
[SourceQuality "1"]
[TimeControl "5400+30"]

1. e4 e6 2. Nf3 d5 3. e5 c5 4. g3 Nc6 5. Bg2 Qc7 6. Qe2 Nge7 7. O-O b6 8. Re1 Nf5 9. c3 a5 10. d3 Ba6 11. g4 Nfe7 12. a4 Ng6 13. Na3 c4 14. d4 Bxa3 15. Rxa3 b5 16. axb5 Bxb5 17. Bg5 h6 18. Be3 Qe7 19. Nd2 a4 20. f4 Na7 21. f5 Nf8 22. Rf1 Nd7 23. Raa1 Nb6 24. Rf2 Bd7 25. Raf1 Qd8 26. Rf3 Nb5 27. Nb1 a3 28. bxa3 Nxa3 29. Nxa3 Rxa3 30. Bc1 Rb3 31. f6 g6 32. Rh3 Na4 33. Rxh6 Rxh6 34. Bxh6 Nxc3 35. Qf2 Qb6 36. Be3 Rb2 37. Qh4 Ne2+ 38. Kh1 Qb4 39. Bh6 Nxd4 40. Bg7 Kd8 41. Qh8+ Be8 42. Bf8 Qd2 43. Be7+ Kd7 44. Qh3 Rb3 45. Qh4 c3 46. Bf8 g5 47. Qh8 c2 0-1

[Event "8th Montevideo Open 2025"]
[Site "Montevideo"]
[Date "2025.02.05"]
[Round "5.22"]
[White "Silva, Juliana Figueira The"]
[Black "Lanzilotta, Marcelo"]
[Result "1-0"]
[Annotator "RC"]
[ECO "A57"]
[WhiteElo "1850"]
[BlackElo "1958"]
[PlyCount "143"]
[EventDate "2025.02.01"]
[EventType "swiss"]
[EventCountry "URU"]
[SourceTitle "playchess.com"]
[Source "ChessBase"]
[SourceQuality "1"]
[TimeControl "5400+30"]

1. d4 c5 2. d5 Nf6 3. c4 b5 4. Qc2 b4 5. e4 d6 6. f4 g6 7. Nf3 Bg7 8. Bd3 O-O 9. O-O Qc7 10. e5 dxe5 11. fxe5 Ng4 12. Be4 Bb7 13. d6 exd6 14. exd6 Qd7 15. Bxb7 Qxb7 16. Bf4 Nd7 17. Nbd2 Rfe8 18. Rfe1 Qc6 19. Rad1 a5 20. Nf1 a4 21. h3 Ngf6 22. Ne5 Nxe5 23. Bxe5 Nd7 24. Bxg7 Kxg7 25. Ne3 Re6 26. Qd2 Rae8 27. Nc2 Rxe1+ 28. Rxe1 Rxe1+ 29. Nxe1 Qe4 30. b3 a3 31. Nf3 f6 32. Nh2 g5 33. Nf1 Qd4+ 34. Qxd4 cxd4 35. Ng3 Kg6 36. Ne4 f5 37. c5 Ne5 38. Nf2 Kf6 39. Kf1 Ke6 40. Ke2 Kd5 41. Nd3 Nc6 42. d7 Nd8 43. Nxb4+ Kxc5 44. Nc2 Ne6 45. Kd3 Kd6 46. d8=Q+ Nxd8 47. Nxd4 Ke5 48. b4 f4 49. Nc2 h5 50. Nxa3 g4 51. hxg4 hxg4 52. Nc4+ Kd5 53. Nd2 Nc6 54. a3 Ne5+ 55. Kc3 f3 56. gxf3 g3 57. Nf1 g2 58. Ne3+ Kc6 59. Nxg2 Nxf3 60. a4 Ne5 61. Nf4 Nd7 62. Nd3 Kd5 63. b5 Kd6 64. a5 Nf6 65. Kc4 Nd7 66. Kd4 Nf8 67. Nc5 Ng6 68. Ne4+ Kc7 69. Kc5 Ne5 70. b6+ Kb7 71. Kb5 Nd7 72. Nc5+ 1-0

[Event "8th Montevideo Open 2025"]
[Site "Montevideo"]
[Date "2025.02.05"]
[Round "5.23"]
[White "Fernandez Rodriguez, Jose Antonio"]
[Black "Varela, Mateo"]
[Result "0-1"]
[Annotator "TA"]
[ECO "B33"]
[WhiteElo "2140"]
[BlackElo "1955"]
[PlyCount "120"]
[EventDate "2025.02.01"]
[EventType "swiss"]
[EventCountry "URU"]
[SourceTitle "playchess.com"]
[Source "ChessBase"]
[SourceQuality "1"]
[TimeControl "5400+30"]

1. e4 c5 2. Nf3 Nc6 3. d4 cxd4 4. Nxd4 Nf6 5. Nc3 e5 6. Ndb5 d6 7. Bg5 a6 8. Bxf6 gxf6 9. Na3 b5 10. Nd5 f5 11. c3 Bg7 12. Bd3 Be6 13. Qh5 O-O 14. exf5 Bxd5 15. f6 e4 16. fxg7 Re8 {[%emt 0:00:30] Black sacrificed a pawn} 17. O-O $2 {[%emt 0:00:30][%mdl 8192] White does not recover from this. B33: Sicilian: Pelikan and Sveshnikov Variations.} (17. Be2 $14 {keeps the upper hand.} Re5 18. Qh6) 17... Re5 $19 (17... exd3 18. Qxd5 Ne5 19. Rae1 $11) 18. Qe2 exd3 19. Qxd3 {[%emt 0:00:30] Black is clearly winning.} Qh4 $146 (19... Kxg7 20. f4 Rh5 (20... Qb6+ $2 21. Rf2 $19) 21. c4 bxc4 22. Nxc4 $19) (19... Qg5 20. g3 Qh5 21. Rad1 Bf3 22. Rde1 Rae8 23. Re3 Be2 24. Qxd6 Bxf1 25. Qxc6 Qd1 {0-1 Srivatsan,K (2001)-Markovic,Z (2293) Veliko Gradiste Silver Lake op-A 2023 (2)}) 20. Rfe1 $2 (20. Rad1) 20... Rae8 (20... Kxg7 21. Rxe5 dxe5 22. Qxd5 $11) 21. Rxe5 Rxe5 22. Rd1 Rh5 23. Qg3 Qxg3 (23... Bxa2 24. Qxd6 Kxg7 25. h3) 24. hxg3 Ne7 (24... Bxa2 25. Rxd6 Rc5 26. Nc2 $19) 25. Nc2 Rh6 26. Nb4 Bb7 27. Nd3 Nd5 (27... Kxg7 28. Nf4 $19) 28. a3 Kxg7 29. f3 Re6 30. Rd2 a5 31. Nf2 Nf6 32. Nh3 d5 33. Nf4 Rb6 34. Rd4 Kf8 35. Kf2 Ke7 36. g4 Kd6 37. g5 Nd7 38. Nh5 (38. Nd3 {was called for.}) 38... Rc6 39. Rf4 (39. Ng7 $142) 39... Ke7 40. Ng7 Kf8 41. Nf5 Rg6 42. Nd4 Ba6 (42... Rxg5 $2 43. Ne6+ (43. Nxb5 $2 {is the wrong capture.} Ne5 $19) 43... Ke7 44. Nxg5 $18) 43. Rf5 (43. Rh4 $142) 43... Rd6 44. Rf4 Ne5 45. Ke3 {[%emt 0:00:30] Dodges Nd3} (45. Rh4) 45... Nc4+ 46. Kf2 Nxb2 47. Rh4 Nd1+ 48. Kg3 Rg6 49. f4 Nxc3 50. Rxh7 Ne4+ 51. Kh2 Kg8 {[%emt 0:00:30] Inhibits Rh8+.} 52. Rh5 Nd6 53. Nc6 Re6 {[%emt 0:00:30] Prevents Ne7+.} 54. Ne5 b4 55. axb4 axb4 56. Nd7 b3 {[%emt 0:00:30] And now ...b2 would win.} 57. Nf6+ {[%emt 0:00:30] [#]} Rxf6 $1 {[%emt 0:00:30] Black mates.} 58. gxf6 (58. Rh3 Rxf4) 58... b2 59. Rg5+ Kh7 60. f5 {[%emt 0:00:30] [#]} Nxf5 $1 {[%emt 0:00:30][%mdl 512] Weighted Error Value: White=0.71/Black=0.37  Mistake:       	White=5     	---        Inaccurate:     	White=4     	Black=3      OK:         	White=8     	Black=13     Best:        	---       	Black=1} 0-1

[Event "8th Montevideo Open 2025"]
[Site "Montevideo"]
[Date "2025.02.05"]
[Round "5.24"]
[White "Escofet, Jaime"]
[Black "Fabra, Nahiara"]
[Result "1-0"]
[Annotator "TA"]
[ECO "B51"]
[WhiteElo "1951"]
[BlackElo "1792"]
[PlyCount "77"]
[EventDate "2025.02.01"]
[EventType "swiss"]
[EventCountry "URU"]
[SourceTitle "playchess.com"]
[Source "ChessBase"]
[SourceQuality "1"]
[TimeControl "5400+30"]

1. e4 c5 2. Nf3 d6 3. Bb5+ Nd7 4. d4 cxd4 5. Qxd4 e6 6. c4 {[%emt 0:00:03] B51: Sicilian: Moscow Variation (3 Bb5+) without 3...Bd7.} Ngf6 7. O-O Be7 8. Bg5 {[%emt 0:00:30] White is slightly better.} O-O 9. Nc3 a6 10. Ba4 Qc7 11. Bc2 $146 (11. Bxd7 Bxd7 12. Rad1 Rfd8 13. Rfe1 Rac8 14. e5 dxe5 15. Nxe5 Ba4 16. Nxa4 Rxd4 17. Rxd4 {0-1 Saric,I (2690)-Firouzja,A (2744) Zagreb Superbet Blitz 2024 (18)}) 11... Ne5 12. b3 (12. Nxe5 $11 dxe5 13. Qe3) 12... Nxf3+ 13. gxf3 e5 14. Qd2 Bh3 (14... Qd7 $15) 15. Rfe1 Qc8 (15... Qd8 $11) 16. Kh1 $14 Qe6 17. Rg1 Kh8 18. Rad1 Rg8 19. Qe3 h6 (19... Nh5 $1 $14 {should be considered.}) 20. Bxf6 $16 Bxf6 (20... Qxf6 $14 21. f4 Qh4) 21. Rg3 ({White should play} 21. Rd3 $16 {f4 would now be deadly.} Qe8 22. f4 (22. Rxd6 Qf8 $16)) 21... Bg5 $11 22. Qe2 Bf4 23. Rgg1 Rad8 24. Nd5 g5 25. b4 h5 26. Bb3 g4 (26... Qh6 $11 {keeps the balance.}) 27. fxg4 $16 hxg4 28. c5 (28. Nxf4 $1 $16 exf4 29. Rd5) 28... Qh6 $14 29. Nxf4 exf4 30. Qb2+ (30. Bxf7 g3 31. fxg3 Bg4 $11) (30. Rxd6 {simplifies} Rxd6 31. cxd6 Qxd6 32. Bxf7 Rg7 33. Bb3) 30... Rg7 31. Rd3 {[%emt 0:00:30] White is much more active.} ({Much less strong is} 31. Bxf7 g3 32. fxg3 Kh7 $11) (31. Rd5 $16) 31... f3 32. Rgd1 $2 {[%emt 0:00:30][%mdl 8192] [#]} (32. Bxf7 $14 Kh7 33. Bd5) 32... Bg2+ $1 $19 33. Kg1 {[%emt 0:00:30][%cal Rd3d6] [#]} Qh3 $1 {[%emt 0:00:30][%cal Og2h1] ( -> ...Bh1!)} 34. Qf6 Rd7 $4 (34... Bf1 $19 35. Qxd8+ Kh7 36. Qh4+ Qxh4 37. Kxf1 Qxh2) 35. Rxd6 $18 (35. cxd6 $2 Bh1 $19) 35... Rxd6 36. Rxd6 (36. cxd6 $2 {too greedy.} Bh1 $19) 36... Qh7 {[%emt 0:00:30] Black is weak on the dark squares} 37. Rd8+ {[%emt 0:00:30] White mates.} Qg8 38. Rxg8+ Kxg8 39. e5 {[%emt 0:00:30] Weighted Error Value: White=0.37/Black=0.55  Loses game:     	White=2     	---        Mistake:       	White=4     	Black=5      Inaccurate:     	White=4     	Black=5      OK:         	White=6     	Black=5      Best:        	White=4     	---        Strong:       	---       	Black=1} 1-0